Map: Rhoskallian LE

Players

qqq - Winner!

  • Race: Zerg Zerg
  • Spawn Location: 11:00

Massa - Winner!

  • Race: Terran Terran
  • League: Platinum
  • Spawn Location: 12:00

SirConfused

  • Race: Terran Terran
  • League: Diamond
  • Spawn Location: 5:00

SirFartAlot

  • Race: Zerg Zerg
  • Spawn Location: 6:00

VOD

Have the link to the VOD?

Description

Time

  • Played on: Nov. 12, 2020, 1:53 p.m.
  • Length: 14:02
Show
View Real Time Build Order
Export as new Build Order

qqq Zerg - Winner!

Build Orders: Hatch First, Brood Lord Corruptor 

Get SALT Encoding   

  12  0:00  Drone  
  13  0:09  Drone  
  14  0:41  Hatchery  
  13  0:45  Drone  
  14  0:58  Spawning Pool  
  13  1:07  Overlord  
  13  1:12  Drone  
  13  1:17  Extractor  
  13  1:18  Drone  
  14  1:27  Drone  
  15  1:32  Drone  
  16  1:42  Drone  
  17  1:55  Drone  
  17  1:56  Queen  
  20  2:18  Drone x2  
  21  2:25  Metabolic Boost  
  21  2:29  Drone  
  22  2:32  Queen  
  22  2:33  Drone  
  25  2:41  Drone x2  
  27  2:44  Drone  
  27  2:51  Overlord  
  28  3:08  Queen  
  28  3:09  Overlord  
  30  3:20  Drone  
  30  3:22  Zergling x6  
  30  3:23  Zergling x2  
  30  3:25  Drone  
  36  3:28  Overlord  
  36  3:39  Drone x2  
  36  3:40  Zergling x2  
  39  3:50  Lair, Zergling x2, Baneling Nest  
  39  3:53  Drone  
  40  4:03  Drone  
  40  4:04  Drone  
  40  4:05  Drone  
  40  4:06  Drone  
  40  4:08  Extractor, Drone  
  44  4:14  Overlord  
  44  4:23  Overlord  
  44  4:33  Drone  
  44  4:35  Drone x4  
  49  4:38  Baneling  
  49  4:39  Baneling x5  
  49  4:47  Zergling x2  
  49  4:49  Drone  
  49  4:51  Extractor  
  50  4:53  Extractor  
  45  5:16  Baneling x3  
  45  5:30  Drone x5  
  45  5:34  Hatchery  
  49  5:36  Spire  
  49  5:37  Drone x2  
  49  5:38  Overlord x3  
  49  5:39  Drone  
  51  5:45  Hatchery  
  50  5:57  Drone  
  50  5:59  Overlord  
  51  6:09  Overlord  
  51  6:10  Drone  
  51  6:11  Drone  
  52  6:20  Drone x3  
  52  6:23  Zergling x2  
  56  6:28  Drone, Infestation Pit  
  56  6:29  Drone  
  56  6:31  Evolution Chamber  
  56  6:41  Drone  
  56  6:45  Hatchery  
  56  6:50  Mutalisk x3  
  56  6:52  Mutalisk  
  64  6:55  Zerg Flyer Weapons Level 1  
  64  7:00  Mutalisk  
  64  7:01  Mutalisk  
  66  7:02  Mutalisk  
  66  7:06  Mutalisk  
  72  7:09  Hatchery, Drone  
  72  7:10  Mutalisk  
  74  7:16  Mutalisk  
  74  7:18  Drone  
  74  7:19  Drone x2  
  74  7:21  Drone  
  80  7:25  Drone  
  80  7:26  Mutalisk  
  80  7:28  Drone  
  84  7:34  Drone  
  85  7:48  Drone  
  85  7:49  Drone  
  87  8:04  Mutalisk  
  87  8:05  Mutalisk x3  
  95  8:23  Zergling x6  
  95  8:24  Zergling x12  
  95  8:25  Drone x6  
  95  8:26  Drone x4  
  114  8:28  Queen  
  114  8:29  Queen  
  118  8:36  Drone  
  118  8:40  Mutalisk x2, Hive  
  116  9:00  Mutalisk x2  
  116  9:01  Drone  
  116  9:02  Drone x8  
  122  9:03  Drone  
  122  9:05  Spine Crawler  
  122  9:09  Spine Crawler  
  118  9:11  Spine Crawler  
  117  9:22  Drone x4  
  117  9:23  Drone x2  
  123  9:24  Overlord x2  
  123  9:25  Overlord x5  
  123  9:28  Zerg Melee Weapons Level 1  
  123  9:33  Overlord  
  123  9:42  Queen  
  123  9:45  Drone x8  
  131  9:46  Drone, Corruptor x3  
  140  9:53  Drone x3  
  140  9:57  Extractor  
  140  9:58  Extractor  
  141  10:00  Greater Spire  
  141  10:14  Zergling x4  
  141  10:15  Zergling x4  
  141  10:16  Baneling  
  141  10:17  Baneling x7  
  141  10:20  Drone  
  141  10:21  Drone x3  
  149  10:22  Drone x4  
  149  10:23  Drone x4  
  149  10:25  Extractor  
  149  10:26  Extractor  
  155  10:42  Hatchery  
  154  10:48  Drone x6  
  160  10:52  Spore Crawler x2  
  160  10:53  Drone  
  160  10:54  Drone, Spine Crawler, Spore Crawler  
  160  10:55  Spine Crawler  
  157  10:57  Extractor  
  157  10:58  Extractor, Spine Crawler  
  157  10:59  Spore Crawler  
  157  11:00  Extractor  
  157  11:01  Extractor  
  157  11:03  Corruptor x5  
  157  11:05  Zergling x2  
  157  11:06  Zergling x2  
  157  11:07  Drone x6  
  157  11:08  Drone x2  
  146  11:23  Zerg Ground Armor Level 1  
  128  11:32  Zergling x10  
  129  11:41  Brood Lord  
  129  11:42  Brood Lord  
  124  11:47  Zergling x6  
  124  11:48  Zergling x14  
  133  12:00  Drone x4  
  133  12:01  Drone x2  
  136  12:18  Extractor  
  135  12:23  Brood Lord x4  
  135  12:28  Corruptor  
  135  12:29  Zergling x12  
  152  12:30  Zergling x8  
  152  12:36  Spine Crawler  
  154  12:37  Spine Crawler  
  154  12:38  Spine Crawler, Queen  
  154  12:39  Drone x3  
  154  12:42  Drone x3  
  160  12:48  Brood Lord x2  
  164  12:52  Overlord x5  
  164  12:53  Corruptor x2  
  164  12:54  Corruptor  
  164  12:56  Drone x4  
  174  13:00  Baneling x5  
  174  13:01  Baneling x2  
  173  13:16  Zergling x12  
  173  13:17  Zergling x4  
  173  13:18  Drone x3, Zergling x6  
  173  13:19  Drone x2  
  180  13:33  Spine Crawler  
  176  13:34  Evolution Chamber  
Show
View Real Time Build Order
Export as new Build Order

Massa Terran - Winner!

Build Orders:  

Get SALT Encoding   

  12  0:00  SCV  
  13  0:12  SCV  
  14  0:23  Supply Depot  
  14  0:24  SCV  
  15  0:36  Refinery  
  15  0:45  SCV  
  15  0:47  Barracks  
  16  0:57  SCV  
  17  1:09  SCV  
  18  1:21  SCV  
  19  1:28  Supply Depot  
  19  1:31  Supply Depot  
  19  1:33  SCV  
  19  1:36  Reaper  
  21  1:45  Orbital Command  
  21  2:08  Marine  
  22  2:13  SCV  
  23  2:17  Command Center  
  23  2:28  Barracks Reactor  
  23  2:32  SCV  
  23  2:33  Factory  
  24  3:05  Barracks  
  24  3:15  SCV  
  25  3:20  Command Center  
  25  3:26  Marine x2  
  27  3:27  SCV, Factory Tech Lab  
  27  3:29  Orbital Command  
  28  3:37  Supply Depot  
  28  3:43  Marine  
  28  3:44  Marine  
  28  3:47  Siege Tank  
  32  3:53  SCV  
  32  3:54  Supply Depot  
  33  3:55  Marine  
  33  4:01  Marine  
  35  4:05  SCV x2  
  37  4:11  Refinery  
  37  4:13  Marine  
  38  4:17  SCV  
  38  4:29  Marine x2  
  40  4:32  SCV x2  
  40  4:35  Barracks Tech Lab  
  43  4:44  SCV x2, Orbital Command  
  44  4:46  Marine  
  44  4:47  Marine  
  44  4:51  Siege Tank  
  49  4:56  Starport, SCV  
  50  5:01  SCV  
  50  5:04  Marine x2  
  53  5:08  SCV  
  53  5:13  SCV  
  55  5:15  Stimpack  
  55  5:20  SCV  
  56  5:24  Widow Mine  
  58  5:39  Marine x2  
  58  5:41  Marauder  
  62  5:45  Refinery x2, Widow Mine  
  62  5:47  Barracks  
  64  5:51  Medivac  
  66  5:57  Marine x2  
  66  5:58  Engineering Bay  
  66  6:02  Marauder  
  70  6:14  SCV x3  
  70  6:15  Marine  
  70  6:17  Barracks  
  74  6:21  Medivac  
  74  6:23  Widow Mine  
  78  6:26  SCV x3  
  81  6:38  SCV x2  
  83  6:42  Barracks Tech Lab  
  83  6:43  Marine  
  83  6:44  Marine  
  85  7:01  Supply Depot  
  85  7:02  Supply Depot x2  
  85  7:04  Missile Turret  
  85  7:22  Marine x2  
  85  7:23  Widow Mine, SCV x3  
  85  7:25  Missile Turret, Supply Depot  
  85  7:27  Supply Depot  
  85  7:28  Supply Depot  
  88  7:34  Medivac  
  88  7:35  SCV x2  
  86  7:38  Barracks Reactor  
  86  7:42  Marauder x2, Marine x2  
  92  7:51  SCV x2, Supply Depot  
  94  7:57  Missile Turret  
  94  7:58  Missile Turret  
  94  8:00  Marine x2  
  94  8:03  SCV x2, Marauder x2, Missile Turret  
  94  8:04  Missile Turret, Medivac  
  104  8:15  SCV x2  
  106  8:21  Missile Turret  
  106  8:23  Orbital Command  
  106  8:24  Marauder  
  106  8:25  Marauder  
  106  8:26  Missile Turret  
  106  8:27  SCV x2, Missile Turret  
  110  8:33  Siege Tank  
  117  8:36  Starport Reactor  
  117  8:38  Combat Shield  
  117  8:40  Concussive Shells  
  115  8:41  Marine x3  
  115  8:43  Marine  
  115  8:46  Marauder x2  
  123  9:01  Refinery  
  123  9:07  Marauder  
  123  9:08  Refinery, Marauder, Marine, Command Center  
  126  9:28  Marine x4  
  126  9:29  Marauder x2  
  134  9:39  Terran Infantry Weapons Level 1  
  134  9:43  Armory  
  134  9:44  Engineering Bay  
  134  9:46  Marine  
  134  9:47  Armory  
  134  9:50  Marauder, Supply Depot  
  134  9:51  Marauder, Medivac  
  141  10:11  SCV x3, Marine, Medivac, Supply Depot  
  141  10:12  Marauder  
  141  10:14  Supply Depot  
  149  10:20  Marauder  
  149  10:21  Planetary Fortress, Medivac  
  153  10:24  SCV x2  
  155  10:33  Marauder  
  155  10:34  Supply Depot  
  157  10:37  Supply Depot, Siege Tank  
  157  10:38  Supply Depot  
  157  10:39  Supply Depot  
  157  10:41  Marauder, Medivac  
  164  10:51  Medivac  
  166  10:58  Supply Depot  
  166  11:01  Supply Depot  
  166  11:02  Missile Turret  
  166  11:04  Supply Depot  
  164  11:05  Barracks, Factory, Supply Depot  
  164  11:06  Barracks  
  164  11:07  Barracks, Sensor Tower  
  164  11:09  Siege Tank  
  167  11:11  Medivac  
  167  11:21  Missile Turret  
  137  11:30  Marauder x2, Marine x4  
  99  11:39  Medivac  
  101  11:41  Medivac, Siege Tank  
  106  11:49  Marine x2  
  106  11:51  Factory Tech Lab, Marauder x2  
  106  11:54  Barracks Reactor, Barracks Tech Lab  
  112  11:55  Barracks Tech Lab  
  112  12:09  Medivac  
  112  12:13  Marauder x2, Siege Tank  
  121  12:22  Marauder x2, Marine x4  
  127  12:29  Medivac  
  131  12:31  Marine x2  
  131  12:34  Marauder x2  
  131  12:36  SCV x4  
  141  12:39  Medivac  
  141  12:40  Marine x3  
  141  12:43  Marauder x2  
  150  12:55  Marauder  
  150  12:56  Marauder  
  154  12:59  Medivac  
  154  13:04  Marauder  
  154  13:05  Marauder  
  149  13:40  Marauder x4  
  149  13:41  Marine x6  
Show
View Real Time Build Order
Export as new Build Order

SirConfused Terran 

Build Orders: Reaper Expand 

Get SALT Encoding   

  12  0:00  SCV  
  13  0:12  SCV  
  14  0:18  Supply Depot  
  14  0:24  SCV  
  15  0:39  SCV  
  15  0:40  Barracks  
  16  0:45  Refinery  
  16  0:52  SCV  
  17  1:05  SCV  
  18  1:17  SCV  
  19  1:29  Orbital Command  
  19  1:30  Reaper  
  20  1:43  Command Center  
  20  1:55  SCV  
  21  2:02  Marine  
  21  2:08  Supply Depot  
  22  2:12  SCV  
  23  2:17  Barracks  
  23  2:20  Barracks Reactor  
  23  2:29  SCV  
  24  2:41  SCV, Factory  
  24  2:44  Refinery  
  25  2:53  SCV  
  26  3:05  SCV  
  26  3:13  Marine x2  
  26  3:14  Barracks Tech Lab  
  26  3:19  Orbital Command  
  29  3:20  SCV  
  29  3:25  Factory Tech Lab  
  29  3:31  Marine x2  
  31  3:46  Marine  
  31  3:47  SCV x2  
  34  3:49  Marine x2  
  34  3:51  Stimpack  
  34  3:52  Siege Tank  
  39  3:59  SCV x2  
  41  4:04  Marine  
  41  4:06  Marine  
  41  4:07  Marine  
  44  4:11  SCV x2  
  44  4:13  Starport  
  46  4:40  Supply Depot  
  46  4:43  Supply Depot  
  46  4:44  Supply Depot  
  46  4:48  Barracks  
  46  4:49  Barracks  
  46  4:52  Engineering Bay  
  46  4:53  Engineering Bay  
  46  5:00  SCV x2, Marine, Viking, Siege Tank  
  46  5:02  Marine x2  
  56  5:12  SCV x2  
  50  5:18  Marine  
  50  5:19  Marine x2  
  53  5:24  SCV x2  
  53  5:28  Terran Infantry Armor Level 1, Terran Infantry Weapons Level 1  
  55  5:36  Marine  
  55  5:37  SCV x2, Marine x2, Starport Tech Lab  
  61  5:47  Barracks Reactor  
  61  5:49  Barracks Tech Lab, SCV  
  61  5:53  SCV, Marine  
  63  5:59  Command Center  
  63  6:01  SCV  
  64  6:05  Refinery  
  64  6:06  Refinery  
  64  6:09  Supply Depot  
  64  6:11  SCV  
  64  6:12  Marauder, Marine, Supply Depot  
  64  6:14  Marine  
  64  6:17  Marine  
  70  6:24  Marine  
  70  6:25  Marine  
  72  6:30  Marine  
  72  6:31  Raven  
  72  6:32  Marine  
  75  6:35  SCV x2  
  78  6:41  Supply Depot  
  78  6:43  Supply Depot  
  78  6:44  Marine  
  78  6:47  SCV x2, Combat Shield  
  80  6:49  Concussive Shells  
  80  6:51  Marine  
  82  6:59  SCV, Missile Turret  
  83  7:03  SCV, Missile Turret  
  84  7:09  Marauder, Marine  
  84  7:10  Marauder  
  84  7:11  SCV, Marine  
  85  7:35  Missile Turret  
  85  7:39  Marine  
  85  7:40  Marauder  
  88  7:47  Armory  
  86  7:52  Factory  
  86  7:53  SCV  
  86  7:54  Starport Reactor  
  86  7:56  Marine  
  86  7:57  Marauder  
  90  8:06  Marine  
  90  8:07  Marine x2  
  90  8:08  Marine  
  92  8:14  Marine  
  92  8:18  Marine  
  91  8:34  SCV x2  
  93  8:36  Planetary Fortress  
  93  8:41  Missile Turret  
  93  8:46  SCV, Thor x2  
  106  8:48  Terran Vehicle Weapons Level 1  
  106  8:49  Marine x6  
  106  8:50  Terran Infantry Weapons Level 2  
  112  9:03  Missile Turret  
  112  9:06  Marine  
  112  9:07  Marine x2  
  114  9:10  SCV x2  
  116  9:18  SCV  
  116  9:22  SCV x2  
  119  9:30  SCV  
  120  9:34  SCV x2  
  122  9:40  Thor  
  122  9:41  Thor  
  122  9:42  SCV  
  122  9:43  Marine x3, Supply Depot  
  122  9:44  Supply Depot x2  
  138  9:46  SCV  
  138  9:48  Refinery  
  138  9:49  SCV  
  138  9:51  Refinery  
  140  9:54  Marine, Command Center  
  140  9:58  Terran Infantry Armor Level 2  
  141  10:05  SCV x3, Marine  
  145  10:27  Thor  
  145  10:28  Thor  
  157  10:29  SCV x3  
  160  10:38  Missile Turret  
  160  10:53  Marine  
  160  10:54  Marine x4  
  165  10:58  Marine  
  165  11:00  Supply Depot  
  165  11:02  Supply Depot  
  165  11:08  Supply Depot  
  165  11:11  Marine  
  165  11:12  Marine  
  156  11:24  Supply Depot  
  99  11:48  Marauder, Marine x3  
  99  11:49  Marauder, Marine  
  106  11:57  Barracks  
  106  11:59  Barracks  
  106  12:00  Barracks, Medivac x2  
  105  12:02  Barracks  
  105  12:06  Barracks  
  103  12:10  Marauder  
  103  12:11  Marine  
  105  12:15  Marauder  
  105  12:16  Marine x2  
  107  12:24  Missile Turret  
  107  12:26  Missile Turret  
  107  12:29  Missile Turret  
  107  12:30  Medivac x2, Missile Turret  
  107  12:31  Marauder, Missile Turret  
  107  12:32  SCV x3  
  118  12:37  Marauder, Planetary Fortress  
  118  12:44  SCV x3  
  120  12:47  Siege Tank x2  
  120  12:50  Barracks  
  127  12:56  SCV x3  
  130  13:02  Barracks Reactor x2  
  130  13:03  Barracks Reactor x2  
  130  13:04  Barracks Tech Lab  
  125  13:08  SCV  
  105  13:27  Viking x2  
  104  13:37  Marauder x2, Marine x2  
  104  13:38  Marauder  
  104  13:39  Marine  
Show
View Real Time Build Order
Export as new Build Order

SirFartAlot Zerg 

Build Orders: Hatch First 

Get SALT Encoding   

  12  0:01  Drone  
  13  0:08  Drone  
  14  0:18  Overlord  
  14  0:37  Drone x3  
  17  0:48  Drone  
  18  0:59  Hatchery  
  18  1:02  Drone  
  18  1:10  Extractor, Drone  
  18  1:23  Spawning Pool  
  17  1:28  Drone  
  18  1:34  Drone  
  18  1:49  Drone  
  18  1:53  Drone  
  20  2:04  Drone  
  21  2:09  Metabolic Boost  
  21  2:13  Drone  
  21  2:15  Overlord  
  22  2:16  Queen  
  22  2:22  Queen  
  26  2:30  Drone x2  
  26  2:36  Zergling x4  
  31  2:44  Zergling x2  
  31  2:56  Zergling x4  
  33  3:04  Zergling x2  
  34  3:16  Zergling x2  
  34  3:17  Zergling x2  
  34  3:18  Overlord  
  36  3:30  Hatchery  
  35  3:35  Drone  
  35  3:39  Zergling x2  
  35  3:40  Zergling x12  
  43  3:51  Drone  
  44  4:13  Overlord x3  
  42  4:35  Lair  
  42  4:37  Lair  
  42  4:43  Drone  
  42  4:44  Drone x7  
  50  5:02  Queen  
  52  5:10  Drone x2  
  54  5:20  Roach Warren  
  53  5:23  Drone x2, Extractor  
  53  5:24  Drone x2  
  53  5:28  Extractor  
  55  5:29  Drone  
  55  5:30  Drone x9  
  55  5:33  Extractor  
  55  5:34  Drone  
  65  5:53  Overlord x3  
  65  5:54  Overlord x2  
  65  6:04  Glial Reconstitution  
  65  6:11  Overlord  
  65  6:12  Drone x2  
  67  6:19  Queen  
  67  6:21  Drone x3  
  67  6:22  Drone x3  
  75  6:29  Nydus Network  
  75  6:32  Hydralisk Den  
  73  6:34  Infestation Pit  
  73  6:37  Spore Crawler  
  71  6:41  Evolution Chamber  
  71  6:42  Drone x3  
  71  6:43  Drone x2  
  71  6:44  Drone  
  76  6:47  Roach  
  76  6:48  Roach x5  
  88  6:54  Overseer x2  
  88  6:58  Drone x2  
  88  7:00  Drone  
  91  7:08  Hatchery  
  91  7:13  Evolution Chamber  
  89  7:17  Evolution Chamber  
  89  7:18  Drone x3  
  90  7:39  Pneumatized Carapace  
  90  7:44  Spore Crawler  
  90  7:47  Spore Crawler  
  90  7:48  Drone x3  
  90  7:49  Spore Crawler  
  90  7:52  Queen  
  90  8:08  Queen, Spore Crawler  
  90  8:12  Spore Crawler  
  90  8:15  Spore Crawler  
  90  8:16  Infestor x4, Spore Crawler  
  94  8:22  Queen  
  94  8:26  Drone x2  
  98  8:28  Queen  
  98  8:29  Spore Crawler  
  98  8:30  Spore Crawler  
  98  8:43  Queen  
  100  8:55  Queen  
  102  9:02  Spore Crawler  
  101  9:03  Infestor  
  101  9:04  Infestor  
  95  9:12  Zerg Missile Weapons Level 1, Zerg Melee Weapons Level 1  
  95  9:19  Queen  
  97  9:27  Drone x5  
  97  9:28  Drone x2  
  97  9:31  Extractor  
  103  9:33  Extractor  
  102  9:44  Hatchery, Hive  
  101  9:55  Queen  
  103  10:38  Drone x4  
  103  10:39  Drone x2  
  109  10:49  Grooved Spines  
  109  10:51  Zerg Ground Armor Level 1  
  109  11:16  Hatchery  
  108  11:22  Hatchery  
  103  11:47  Drone  
  103  11:48  Drone x8  
  103  11:49  Overlord x4  
  103  11:50  Overlord x2  
  112  12:00  Muscular Augments  
  112  12:12  Lurker Den  
  112  12:13  Adrenal Glands  
  111  12:24  Hatchery  
  111  12:26  Extractor  
  111  12:28  Extractor  
  108  12:40  Hydralisk  
  108  12:41  Hydralisk x7  
  108  12:42  Viper  
  108  12:43  Viper x3  
  136  12:48  Zergling x2  
  136  12:49  Zergling x6  
Tags
 
Add a new tag
Caveats
  • Supply blocks, unpowered buildings, or Contaminate may cause inaccurate times.
  • Supply counts are checked every 10 seconds.